 Dungeon Crawl Stone Soup version 0.30-a0-1116-gebefce21f7 (webtiles) character file.

Game seed: 17090644002638007001

4022 themarg the Summoner (level 10, -1/79 HPs)
             Began as a Merfolk Summoner on Apr 22, 2023.
             Was an Initiate of Gozag.
             Succumbed to Amaemon's poison
             ... on level 8 of the Dungeon.
             The game lasted 00:27:02 (10084 turns).

themarg the Summoner (Merfolk Summoner)            Turns: 10084, Time: 00:27:03

Health: -1/79      AC:  8    Str:  9    XL:     10   Next: 24%
Magic:  3/16       EV: 14    Int: 18    God:    Gozag
Gold:   1367       SH:  0    Dex: 15    Spells: 7/17 levels left

rFire   + . .      SeeInvis +    u - +0 spear
rCold   . . .      Faith    .    (no shield)
rNeg    + . .      Spirit   .    a - +0 robe
rPois   .          Reflect  .    (no helmet)
rElec   .          Rampage  .    (no cloak)
rCorr   .                        L - +1 pair of gloves of Disaster {rF+ rN+}
Will    .....                    (no boots)
Stlth   ++                       p - amulet of regeneration
HPRegen 1.13/turn                z - +4 ring of protection
MPRegen 0.15/turn                K - ring of see invisible

@: lethally poisoned (-1 -> -27)
A: (nimble swimmer 2), mertail
a: Renounce Religion, Potion Petition, Call Merchant, Bribe Branch


You were on level 8 of the Dungeon.
You worshipped Gozag.
Gozag was most pleased with you.
You visited 2 branches of the dungeon, and saw 10 of its levels.

You collected 1709 gold pieces.
You spent 168 gold pieces at shops.
You paid 174 gold pieces to Gozag.

Inventory:

Hand Weapons
 s - a +1 dagger of flaming
 u - a +0 spear (weapon)
 N - a +2 heavy spear
Missiles
 f - 2 throwing nets
 n - 81 stones
 A - 9 boomerangs
 D - 5 silver javelins
 F - 18 poisoned darts
 T - a curare-tipped dart
Armour
 a - a +0 robe (worn)
 L - the +1 pair of gloves of Disaster (worn) {rF+ rN+}
   (You acquired it on level 5 of the Dungeon)

   rF:        It protects you from fire.
   rN:        It protects you from negative energy.
 O - a +0 buckler
 X - a +0 helmet
Jewellery
 p - an amulet of regeneration (around neck)
 q - a +5 ring of evasion
 z - a +4 ring of protection (left hand)
 C - a ring of protection from fire
 K - a ring of see invisible (right hand)
 M - a +5 ring of evasion
 U - a ring of poison resistance
 V - an amulet of magic regeneration
 W - a ring of protection from fire
Wands
 v - a wand of quicksilver (9)
 R - a wand of paralysis (8)
Scrolls
 e - a scroll of torment {unknown}
 g - 4 scrolls of teleportation
 i - 2 scrolls of fear
 k - 2 scrolls of blinking {unknown}
 l - a scroll of noise {unknown}
 m - 2 scrolls of brand weapon
 r - 2 scrolls of summoning
 t - a scroll of amnesia {unknown}
 x - 2 scrolls of poison {unknown}
 y - 2 scrolls of vulnerability {unknown}
 G - 2 scrolls of enchant armour {unknown}
 I - 2 scrolls of magic mapping {unknown}
 P - 2 scrolls of immolation {unknown}
 Q - a scroll of identify
Potions
 c - 3 potions of heal wounds
 d - a potion of mutation {unknown}
 h - 3 potions of curing
 j - 2 potions of attraction {unknown}
 o - a potion of cancellation {unknown}
 w - a potion of brilliance {unknown}
 B - a potion of lignification
 E - 2 potions of might {unknown}
 H - a potion of resistance {unknown}
 J - 3 potions of haste {unknown}
 S - 2 potions of flight {unknown}


   Skills:
 + Level 7.5 Fighting
 - Level 5.0 Dodging
 - Level 3.0 Stealth
 - Level 5.0 Shields
 - Level 4.0 Spellcasting
 - Level 10.0 Summonings
 - Level 4.0 Air Magic


You had 7 spell levels left.
You knew the following spells:

 Your Spells              Type           Power      Damage    Failure   Level
a - Summon Small Mammal   Summ           100%       N/A       1%          1
b - Call Imp              Summ           78%        N/A       1%          2
c - Call Canine Familiar  Summ           39%        N/A       1%          3
d - Summon Lightning Spi  Summ/Air       28%        N/A       9%          4

Your spell library contained the following spells:

 Spells                   Type           Power      Damage    Failure   Level
 Summon Guardian Golem    Hex/Summ       21%        N/A       5%          3
 Swiftness                Air            18%        N/A       9%          3
 Apportation              Tloc           6%         N/A       14%         1
 Magic Dart               Conj           12%        1d3       14%         1
 Slow                     Hex            12%        N/A       14%         1
 Blink                    Tloc           6%         N/A       22%         2
 Ensorcelled Hibernation  Hex/Ice        6%         N/A       22%         2
 Momentum Strike          Conj/Tloc      6%         3d8       22%         2
 Passwall                 Tmut/Erth      2%         N/A       22%         2
 Searing Ray              Conj           6%         2d4       22%         2
 Confusing Touch          Hex            3%         N/A       41%         3
 Dazzling Flash           Conj/Hex       6%         N/A       41%         3
 Teleport Other           Tloc           3%         N/A       41%         3
 Vampiric Draining        Necr           3%         2d6       41%         3
 Volatile Blastmotes      Fire/Tloc      6%         2d10      41%         3
 Fulminant Prism          Conj/Hex       1%         3d5       82%         4
 Iskenderun's Mystic Bla  Conj/Tloc      3%         2d3       82%         4
 Manifold Assault         Tloc           3%         N/A       82%         4
 Alistair's Intoxication  Tmut/Pois      2%         N/A       99%         5
 Conjure Ball Lightning   Conj/Air       5%         3x3d6     100%        6
 Starburst                Conj/Fire      1%         6d3       100%        6
 Haunt                    Necr/Summ      10%        N/A       100%        7
 Malign Gateway           Summ/Tloc      10%        N/A       100%        7
 Storm Form               Tmut/Air       5%         N/A       100%        7


Dungeon Overview and Level Annotations

Branches:
Dungeon (9/15)             Temple (1/1) D:4
   Lair: D:8-11         Orc: D:9-12

Altars:
Ashenzari
Cheibriados
Dithmenos
Elyvilon
Fedhas
Gozag
Hepliaklqana
Kikubaaqudgha
Makhleb
Nemelex Xobeh
Okawaru
Qazlal
Ru
Sif Muna
Trog
Uskayaw
Vehumet
Wu Jian
Xom
Yredelemnul
Zin
The Shining One

Shops:
D:1 *   D:3 (

Annotations:
D:6 3 runed translucent doors, Sleet's ghost, amateur DsFi
D:7 2 runed translucent doors, LustLizard's ghost, novice DEAE
D:8 Amaemon


Innate Abilities, Weirdness & Mutations

((You are very nimble when in or above water. (Stealth+, EV+, Speed+++)))
Your lower body shifts to a powerful aquatic tail in water.


Message History

Amaemon misses your wolf. Amaemon tail-slaps your wolf.
Your wolf is poisoned.
Amaemon poisons your wolf!
Your wolf bites Amaemon.
Reach: u) +0 spear
Press: ? - help, Dir - move target, f/p - Amaemon
Aim: Amaemon, wielding a +0 demon whip of venom (heavily wounded, ally target, about 42% to evade your +0 spear)
You reach to attack!
You hit Amaemon.
Amaemon is severely wounded.
Your wolf barely misses Amaemon.
Amaemon hits your wolf with a +0 demon whip of venom!
Your wolf dies!
Your wolf's corpse disappears in a puff of smoke!
Reach: u) +0 spear
Press: ? - help, Dir - move target, f/p - Amaemon
Aim: Amaemon, wielding a +0 demon whip of venom (severely wounded, about 42% to evade your +0 spear)
You reach to attack!
You closely miss Amaemon.
Amaemon is severely wounded.
You hit Amaemon.
Amaemon is severely wounded.
Amaemon barely misses you. Amaemon claws you.
* * * LOW HITPOINT WARNING * * *
Amaemon tail-slaps you but does no damage.
Aiming: Quicksilver Bolt
Press: ? - help, Shift-Dir - straight line, p - Amaemon The bolt of dispelling energy hits Amaemon!
Amaemon is almost dead.
The bolt of dispelling energy misses the scorpion.
Amaemon hits you with a +0 demon whip of venom!
* * * LOW HITPOINT WARNING * * *
You are poisoned.
Amaemon barely misses you. Amaemon tail-slaps you.
* * * LOW HITPOINT WARNING * * *
You are lethally poisoned!
Amaemon poisons you!
Aiming: Quicksilver Bolt
Press: ? - help, Shift-Dir - straight line The bolt of dispelling energy misses Amaemon.
The bolt of dispelling energy misses the scorpion.
You die...
Your body crumbles into a pile of gold.

#.########.#
#.########.## #.#
#.# #.# 5# #.#
#.#######.# .#
#.#
#.........#####
.. #.#
###########... ..
#.# ###.### ..#
#.# #....># .##
#.#
#########.#.#.###
#.#
#.s6@..$.........
#.#
#.#######.#.#.##.
#.# #8# #8.s..#
#.# #h# ###.###
#.########.# .#
#..........# .#
############ s#
6s ##


You could see Amaemon and a scorpion (summoned, curare).

Vanquished Creatures
  A sky beast (D:6)
  A bullfrog (D:9)
  A sleepcap (D:7)
  An adder (D:5)
  A gnoll (D:9)
  A worm (D:4)
  An orc (D:6)
  A ball python (D:1)
  A hobgoblin (D:1)
  A jackal (D:3)
  2 quokkas
  A bat (D:1)
  2 kobolds
  A rat (D:2)
16 creatures vanquished.

Vanquished Creatures (collateral kills)
  An orange demon (D:8)
  Grinder (D:5)
  Sigmund (D:4)
  A wyvern (D:9)
  4 yaks (D:9)
  A steam dragon (D:7)
  An acid dragon (D:8)
  A sky beast (D:8)
  4 orc warriors
  A black bear (D:7)
  2 ice beasts (D:5)
  A centaur (D:7)
  2 kobold brigands
  A bullfrog (D:7)
  A scorpion (D:7)
  2 gnoll sergeants
  5 wights (D:7)
  5 orc priests
  4 hounds
  A gnoll bouda (D:8)
  7 iguanas
  3 orc wizards
  7 adders
  9 gnolls
  2 white imps
  2 worms
  A dart slug (D:2)
  22 orcs
  An endoplasm (D:4)
  4 giant cockroaches
  9 goblins
  6 hobgoblins
  3 jackals (D:3)
  13 kobolds
  2 quokkas
  6 ball pythons
  5 frilled lizards
  5 rats
147 creatures vanquished.

Grand Total: 163 creatures vanquished

Notes
Turn   | Place    | Note
-------+----------+-------------------------------------------
     0 | D:1      | themarg the Merfolk Summoner began the quest for the Orb.
     0 | D:1      | Reached XP level 1. HP: 13/13 MP: 3/3
   237 | D:1      | Reached XP level 2. HP: 19/19 MP: 1/5
   240 | D:1      | Learned a level 2 spell: Call Imp
   533 | D:1      | Got Icuduciss's Anthology of Dimensional Anemomancy
   565 | D:1      | Found Qachirom's General Store.
   649 | D:1      | Got the Excursus on the Twisted Escort
   966 | D:2      | Reached XP level 3. HP: 7/24 MP: 1/6
   970 | D:2      | Learned a level 3 spell: Call Canine Familiar
  1420 | D:2      | Reached skill level 5 in Summonings
  2043 | D:3      | Reached XP level 4. HP: 30/30 MP: 5/7
  2065 | D:3      | Found an opulent altar of Gozag.
  2124 | D:3      | Found Atygh's Weapon Emporium.
  2901 | D:1      | Bought a scroll of fear for 56 gold pieces
  2901 | D:1      | Bought a scroll of identify for 28 gold pieces
  2901 | D:1      | Bought a potion of lignification for 42 gold pieces
  2901 | D:1      | Bought a potion of curing for 42 gold pieces
  3064 | D:4      | Reached XP level 5. HP: 35/35 MP: 3/8
  3187 | D:4      | Reached skill level 6 in Summonings
  3315 | D:4      | Found a staircase to the Ecumenical Temple.
  3329 | Temple   | Entered the Ecumenical Temple
  3919 | D:4      | Noticed Sigmund
  3958 | D:4      | Killed Sigmund
  3959 | D:4      | Reached skill level 7 in Summonings
  3959 | D:4      | Reached XP level 6. HP: 36/41 MP: 1/9
  4280 | D:4      | Found a bloodstained altar of Trog.
  4699 | D:5      | Entered Level 5 of the Dungeon
  4870 | D:5      | Noticed an ice beast
  4883 | D:5      | Killed an ice beast
  4884 | D:5      | Reached skill level 8 in Summonings
  4884 | D:5      | Reached XP level 7. HP: 44/46 MP: 3/10
  5116 | D:5      | Noticed Grinder
  5149 | D:5      | Identified 2 scrolls of acquirement
  5178 | D:5      | Acquired the +1 pair of gloves of Disaster {rF+ rN+}
  5185 | D:5      | Acquired 1081 gold pieces
  5327 | D:5      | Killed Grinder
  6036 | D:6      | Reached XP level 8. HP: 29/52 MP: 6/11
  6252 | D:5      | Learned a level 4 spell: Summon Lightning Spire
  6462 | D:6      | You fall into a shaft and drop 3 floors!
  6503 | D:9      | Reached skill level 9 in Summonings
  6584 | D:9      | Noticed a yak
  6587 | D:9      | Noticed a yak
  6588 | D:9      | Noticed a yak
  6591 | D:9      | Noticed a yak
  6607 | D:9      | Killed a yak
  6610 | D:9      | Killed a yak
  6611 | D:9      | Reached skill level 10 in Summonings
  6613 | D:9      | Killed a yak
  6620 | D:9      | Killed a yak
  6621 | D:9      | Reached XP level 9. HP: 58/58 MP: 4/15
  6867 | D:9      | Found a white marble altar of Elyvilon.
  6986 | D:9      | Reached skill level 5 in Dodging
  7514 | D:7      | Reached skill level 5 in Fighting
  7525 | D:7      | Reached skill level 1 in Shields
  8024 | D:7      | Reached skill level 5 in Shields
  8059 | D:7      | Reached XP level 10. HP: 74/74 MP: 7/16
  8180 | D:7      | Found a large runed translucent door.
  8181 | D:7      | Found a large runed translucent door.
  8194 | D:7      | Noticed LustLizard's ghost (novice DEAE)
  8394 | D:3      | Became a worshipper of Gozag Ym Sagoz the Greedy
  8775 | D:7      | Found a sparkling altar of Nemelex Xobeh.
  9321 | D:6      | Found a snail-covered altar of Cheibriados.
  9364 | D:6      | Found a broken altar of Ashenzari.
  9367 | D:6      | Found a hazy altar of Hepliaklqana.
  9368 | D:6      | Found a shimmering blue altar of Sif Muna.
  9593 | D:6      | Found a runed translucent gate.
  9593 | D:6      | Found a runed translucent gate.
  9593 | D:6      | Found a runed translucent gate.
  9595 | D:6      | Identified the +0 plate armour "Zaleoh" {-Tele Will+ rCorr
                  | Slay+3}
  9596 | D:6      | Noticed Sleet's ghost (amateur DsFi)
  9834 | D:8      | Found a snail-covered altar of Cheibriados.
 10032 | D:8      | Noticed Amaemon
 10032 | D:8      | Noticed an orange demon
 10046 | D:8      | Killed an orange demon
 10084 | D:8      | Succumbed to Amaemon's poison

Illustrated notes

Levels and vault maps discovered:
D:1:      heliophobic_arrival_ceremonial_halls, layout_rooms, serial_shops,
          nicolae_shop_stone
D:2:      layout_loops_ring
D:3:      layout_loops_cross, lemuel_doored_altar, serial_shops, shop
D:4:      layout_basic, mainiacjoe_overflow_concentric_impassable,
          minmay_temple_entry_junction, uniq_sigmund
D:5:      layout_basic, uniq_grinder
D:6:      layout_gridville, mainiacjoe_overflow_alcove_3,
          biasface_ghost_orc_armoury
D:7:      layout_basic, mainiacjoe_overflow_alcove_1,
          ebering_ghost_disaster_area
D:8:      layout_loops_ring, hangedman_feature_mirror, uniq_pikel, uniq_amaemon,
          uniq_joseph
D:9:      layout_loops_corners, elyvilon_altar_3, uniq_erolcha
Temple:   nicolae_temple_bog_church

Skill      XL: |  1  2  3  4  5  6  7  8  9 10 |
---------------+-------------------------------+-----
Stealth        | 3 |  3.0
Summonings     | 5 7 8 10 | 10.0
Air Magic      | 3 4 |  4.0
Spellcasting   | 4 |  4.0
Dodging        | 3 5 |  5.0
Fighting       | 5 7 |  7.5
Shields        | 5 |  5.0

Action                     |  1- 3 |  4- 6 |  7- 9 | 10-12 || total
---------------------------+-------+-------+-------+-------++-------
  Melee: Dagger            |    30 |       |       |       ||    30
         Unarmed           |     1 |       |       |       ||     1
         Spear             |       |    37 |   112 |    32 ||   181
   Cast: Summon Small Mamm |    48 |     2 |    12 |       ||    62
         Call Imp          |    12 |    12 |    13 |     3 ||    40
         Call Canine Famil |     5 |    24 |    33 |    14 ||    76
         Summon Lightning  |       |       |    21 |    13 ||    34
  Evoke: Wand              |       |       |       |     3 ||     3
    Use: Scroll            |       |     4 |     4 |       ||     8
         Potion            |       |       |       |     2 ||     2
   Stab: Distracted        |       |     1 |     3 |     2 ||     6
 Armour: Robe              |     1 |     1 |     8 |    14 ||    24
  Dodge: Dodged            |    28 |    13 |    86 |    24 ||   151

Table legend: (Time is in decaauts)
 A = Elapsed time spent in this place.
 B = Non-inter-level travel time spent in this place.
 C = Inter-level travel time spent in this place.
 D = Time resting spent in this place.
 E = Time spent auto-exploring this place.
 F = Levels seen in this place.
 G = Mean time per level.
                   A        B        C        D        E       F      G
               +--------+--------+--------+--------+--------+-----+--------+
         Total |  10101 |   9318 |    783 |     54 |   7520 |  10 | 1010.1 |
       Dungeon |   9925 |   9163 |    762 |     54 |   7377 |   9 | 1102.8 |
        Temple |    176 |    156 |     20 |      0 |    143 |   1 |  176.0 |
               +--------+--------+--------+--------+--------+-----+--------+

Top non-repeatable levels by time:
     D:4: 1520 daAuts
     D:7: 1426 daAuts
     D:5: 1321 daAuts
     D:6: 1301 daAuts
     D:2: 1249 daAuts
     D:3: 1134 daAuts
     D:1: 773 daAuts
     D:8: 613 daAuts
     D:9: 584 daAuts
  Temple: 176 daAuts
